Map: 中心协议

Players

Venut

  • Race: Terran Terran
  • League: Gold

shengy - Winner!

  • Race: Zerg Zerg
  • League: Platinum

VOD

Have the link to the VOD?

Description

Time

  • Played on: Dec. 23, 2015, 8:27 p.m.
  • Length: 17:22
Show
View Real Time Build Order
Export as new Build Order

Venut Terran 

Build Orders:  

Get SALT Encoding   

  12  0:01  SCV  
  13  0:13  SCV  
  14  0:21  Supply Depot  
  14  0:25  SCV  
  15  0:43  SCV  
  16  0:51  Refinery, Barracks  
  16  0:55  SCV  
  17  1:07  SCV  
  18  1:19  SCV  
  19  1:31  SCV  
  20  1:39  Marine  
  20  1:41  Supply Depot  
  20  1:44  Orbital Command  
  21  2:01  Marine  
  22  2:10  SCV  
  23  2:26  Factory  
  23  2:29  Barracks Reactor  
  23  2:40  Command Center  
  23  2:51  Bunker  
  23  2:52  SCV  
  23  2:55  Supply Depot  
  24  3:04  SCV  
  24  3:05  Supply Depot  
  25  3:16  SCV  
  25  3:17  Supply Depot  
  26  3:22  Barracks Reactor  
  26  3:23  Hellion x2  
  30  3:28  SCV  
  31  3:40  Supply Depot, SCV  
  32  3:45  Hellion  
  32  3:46  Hellion  
  36  4:04  Supply Depot  
  36  4:06  Hellion  
  36  4:07  Hellion, Marine x2  
  36  4:09  SCV x2  
  44  4:17  Starport  
  44  4:22  Barracks  
  44  4:25  Marine x2  
  44  4:27  Hellion  
  44  4:28  Hellion  
  50  4:42  Marine  
  51  4:49  Hellion, SCV  
  51  4:51  Orbital Command  
  56  5:00  Hellion  
  56  5:01  SCV  
  56  5:04  Marine x2, Starport Reactor  
  59  5:10  Barracks  
  45  6:05  Marine x2  
  45  6:23  Marine x2  
  43  6:27  Liberator x2  
  43  6:39  Factory Tech Lab  
  43  6:41  Marine  
  43  6:45  Engineering Bay  
  50  6:47  SCV x2  
  50  6:50  Refinery  
  50  6:51  Refinery  
  52  6:59  SCV x2  
  52  7:01  Marine x2  
  55  7:07  Barracks Tech Lab  
  56  7:10  Liberator, Barracks  
  56  7:11  SCV  
  56  7:12  SCV  
  56  7:13  Liberator  
  56  7:15  Barracks  
  58  7:22  Refinery  
  58  7:23  SCV  
  58  7:24  SCV  
  63  7:30  Marine  
  63  7:31  Marauder, Marine x3  
  63  7:35  SCV  
  63  7:36  SCV  
  69  7:48  SCV  
  65  7:55  SCV  
  66  8:00  Missile Turret, SCV  
  66  8:02  Missile Turret  
  66  8:03  Missile Turret  
  67  8:07  Supply Depot, SCV  
  67  8:12  SCV  
  69  8:19  SCV  
  70  8:24  SCV  
  71  8:28  Missile Turret  
  71  8:31  SCV  
  71  8:32  Command Center  
  72  8:36  SCV  
  72  8:37  Missile Turret  
  73  8:44  Liberator x2  
  72  8:52  SCV x2  
  72  8:54  Command Center  
  74  8:59  Siege Tank  
  74  9:01  Marine x2  
  74  9:02  Marine x2  
  86  9:04  SCV x2  
  86  9:06  Stimpack  
  86  9:09  Missile Turret  
  89  9:16  Missile Turret  
  89  9:30  Missile Turret  
  89  9:31  Siege Tank, SCV  
  89  9:32  SCV  
  94  9:46  SCV, Marine x3  
  94  9:47  Supply Depot x2, Marauder  
  94  9:48  Liberator x2  
  94  9:49  Barracks Tech Lab  
  94  9:51  Barracks Tech Lab  
  100  9:54  SCV  
  100  9:59  SCV  
  102  10:01  Supply Depot  
  102  10:02  Supply Depot  
  108  10:07  Siege Tank  
  108  10:08  Marauder  
  108  10:09  Marine  
  108  10:10  Marauder x2, Marine x2  
  120  10:17  Supply Depot  
  120  10:18  Supply Depot  
  120  10:21  Planetary Fortress  
  120  10:39  Siege Tank  
  123  10:46  Marine x2  
  123  10:47  Marine x3  
  123  10:48  Refinery, Marauder x2  
  123  10:49  SCV x2  
  134  10:50  Refinery  
  134  10:55  Combat Shields  
  134  11:01  SCV  
  77  11:34  Marine x2  
  77  11:35  Marauder x2, Marine x3  
  83  11:44  SCV x2  
  83  11:48  Missile Turret  
  83  11:49  Missile Turret  
  83  11:52  Marine x3  
  83  11:53  Marauder, Marine  
  89  11:56  Marauder, SCV x2, Marine  
  94  12:02  Command Center  
  94  12:03  SCV  
  94  12:07  Terran Infantry Weapons Level 1  
  94  12:08  SCV  
  96  12:10  Marine x4  
  96  12:14  Marauder  
  96  12:15  Marauder  
  104  12:16  SCV  
  104  12:17  Marine  
  106  12:28  Marine x3  
  84  13:11  Marine x2  
  84  13:12  Marauder x2, Marine x3  
  93  13:23  Medivac x2  
  97  13:29  Marine  
  97  13:31  Marauder  
  97  13:34  Marauder x2  
  104  13:51  SCV  
  104  13:52  SCV, Medivac  
  108  14:01  Terran Infantry Armor Level 1  
  108  14:04  SCV x2  
  110  14:14  Medivac  
  110  14:15  Marauder, Marine x2  
  110  14:16  SCV x2  
  118  14:22  Medivac  
  120  14:28  SCV  
  118  14:42  Marine x2  
  118  14:43  Marauder x3, Marine x2  
  128  14:54  Planetary Fortress  
  128  15:00  Marine x3  
  128  15:03  Command Center  
  128  15:04  Marauder  
  128  15:05  Marauder  
  84  15:50  Supply Depot  
  84  15:51  Supply Depot  
  84  15:54  Orbital Command  
  84  15:55  Supply Depot  
  84  15:56  Supply Depot  
  81  15:57  Supply Depot  
  81  15:59  Supply Depot x2  
  81  16:01  Supply Depot  
  81  16:10  SCV  
  82  16:21  Factory  
  82  16:22  SCV  
  83  16:34  SCV  
Show
View Real Time Build Order
Export as new Build Order

shengy Zerg - Winner!

Build Orders: Hatch First, Muta Ling Bane 

Get SALT Encoding   

  12  0:01  Drone  
  13  0:08  Drone  
  14  0:16  Overlord  
  14  0:35  Drone x3  
  17  0:47  Drone  
  18  0:57  Hatchery  
  18  1:03  Drone  
  18  1:17  Spawning Pool  
  17  1:21  Overlord  
  17  1:26  Drone  
  17  1:28  Drone  
  19  1:33  Extractor  
  18  1:42  Drone  
  19  1:50  Drone  
  20  2:08  Zergling x2  
  21  2:09  Queen  
  21  2:11  Queen  
  21  2:12  Zergling x2  
  21  2:14  Drone  
  27  2:32  Drone  
  27  2:35  Metabolic Boost  
  28  2:40  Drone x2  
  28  2:41  Drone  
  28  2:43  Drone x2  
  33  2:49  Queen  
  35  2:52  Overlord  
  35  2:56  Overlord  
  35  3:10  Drone  
  35  3:12  Overlord  
  36  3:22  Baneling Nest  
  36  3:23  Roach Warren  
  33  3:29  Drone x3  
  33  3:30  Drone x3  
  39  3:44  Lair  
  39  3:46  Extractor  
  39  3:47  Drone x2, Extractor  
  39  3:48  Extractor, Drone  
  40  3:53  Overlord  
  39  3:59  Drone  
  39  4:00  Drone x3  
  43  4:16  Roach x5  
  53  4:32  Drone x4  
  53  4:36  Drone  
  58  4:54  Spire, Drone  
  58  4:55  Drone x2  
  58  4:56  Overlord  
  58  4:57  Overseer  
  58  4:58  Overlord  
  60  5:15  Overlord x3  
  60  5:21  Hatchery  
  59  5:23  Roach x3  
  61  6:01  Drone x5  
  61  6:02  Drone x6  
  60  6:40  Mutalisk x5  
  60  6:41  Mutalisk x2  
  74  6:49  Drone x2  
  76  6:56  Centrifical Hooks  
  76  6:57  Drone x2  
  78  7:12  Drone x3  
  78  7:13  Drone x5  
  86  7:25  Drone x3  
  86  7:27  Extractor, Evolution Chamber x2  
  86  7:30  Drone  
  86  7:31  Extractor, Drone  
  86  7:34  Overlord  
  87  7:50  Drone x4  
  87  7:51  Drone x4  
  91  7:54  Zerg Melee Weapons Level 1  
  91  7:55  Zerg Ground Armor Level 1  
  91  8:00  Drone  
  91  8:01  Drone x3  
  91  8:02  Drone  
  96  8:10  Drone x3  
  99  8:21  Drone  
  99  8:25  Queen  
  102  8:37  Infestation Pit  
  102  8:40  Overlord  
  102  8:41  Hatchery  
  100  8:53  Ravager x4  
  104  9:11  Overlord x2  
  104  9:12  Zergling x6  
  104  9:13  Zergling x10  
  104  9:15  Zergling x4  
  114  9:17  Overlord x3  
  113  9:30  Corruptor x3  
  113  9:31  Corruptor x5  
  119  9:35  Zergling x6  
  119  9:36  Zergling x2  
  133  9:42  Overseer  
  133  9:50  Hatchery, Extractor, Hive  
  133  9:52  Extractor  
  130  9:56  Overlord  
  130  10:04  Zerg Ground Armor Level 2, Zerg Melee Weapons Level 2  
  130  10:15  Baneling x5  
  130  10:16  Baneling x4  
  130  10:17  Zergling x2  
  131  10:22  Extractor  
  131  10:23  Hatchery, Extractor  
  128  10:35  Baneling x4  
  128  10:38  Pathogen Glands  
  128  10:41  Overlord  
  128  10:43  Zergling x14  
  128  10:44  Zergling x6  
  128  10:45  Baneling x2  
  128  10:46  Baneling x2  
  138  11:09  Baneling x3  
  138  11:10  Overlord  
  138  11:12  Zergling x2  
  138  11:13  Zergling x38  
  138  11:14  Zergling x6  
  131  11:41  Greater Spire  
  131  11:55  Drone x2  
  131  11:56  Drone x2  
  131  11:57  Drone x2  
  131  11:58  Ultralisk Cavern, Drone x3  
  131  11:59  Drone x3  
  142  12:02  Baneling  
  142  12:03  Baneling x18  
  142  12:04  Baneling x22  
  123  12:46  Chitinous Plating  
  123  12:48  Zerg Melee Weapons Level 3, Zerg Ground Armor Level 3  
  118  12:51  Adrenal Glands  
  115  13:02  Brood Lord x7  
  115  13:03  Brood Lord  
  131  13:08  Corruptor  
  133  13:18  Zergling x2  
  133  13:19  Zergling x16  
  143  13:20  Zergling x6  
  145  13:31  Zergling x10  
  145  13:32  Zergling x4  
  141  13:58  Queen  
  134  14:04  Drone x2  
  134  14:05  Drone  
  134  14:06  Drone x2  
  139  14:11  Spore Crawler  
  138  14:21  Ultralisk  
  138  14:22  Ultralisk  
  150  14:36  Corruptor x4  
  154  14:47  Corruptor  
  156  14:54  Drone x3  
  156  14:55  Drone x3  
  162  15:00  Viper  
  144  15:43  Queen  
  144  15:46  Overlord x3  
  146  15:58  Corruptor x4  
  146  15:59  Viper x6  
  167  16:14  Ultralisk  
  167  16:15  Zergling x8  
  167  16:16  Zergling x6  
  180  16:28  Spine Crawler  
  180  16:29  Spine Crawler x2  
  180  16:30  Spine Crawler  
  174  16:39  Zergling x6  
  170  16:40  Zergling x4  
  168  16:54  Baneling x7  
Tags
 
Add a new tag
Caveats
  • Supply blocks, unpowered buildings, or Contaminate may cause inaccurate times.
  • Supply counts are checked every 10 seconds.